 Dungeon Crawl Stone Soup version 0.19.4-8-ga85b6b9 (webtiles) character file.

13248 Naow the Severer (level 11, -4/85 HPs)
             Began as a Minotaur Berserker on Feb 13, 2017.
             Was an Elder of Trog.
             Slain by a death yak (18 damage)
             ... on level 10 of the Dungeon.
             The game lasted 00:15:26 (10825 turns).

Naow the Severer (Minotaur Berserker)              Turns: 10825, Time: 00:15:26

Health: -4/85      AC: 21    Str: 30    XL:     11   Next: 73%
Magic:  10/10      EV:  9    Int:  7    God:    Trog [****..]
Gold:   708        SH:  2    Dex: 10    Spells: 0 memorised, 10 levels left

rFire  . . .     SeeInvis .     Q - +10 battleaxe of Sosteit {drain, rC+ Int+3}
rCold  + . .     Gourm    .     J - +0 plate armour
rNeg   + . .     Faith    .     (shield currently unavailable)
rPois  .         Spirit   .     (helmet restricted)
rElec  .         Reflect  +     O - +1 cloak
rCorr  .         Harm     .     m - +0 pair of gloves
MR     .....                    b - +0 pair of boots {Fly}
Stlth  ..........               v - +2 amulet of reflection
                                p - ring of positive energy
                                l - +5 ring of strength

@: flying
A: retaliatory headbutt, horns 2
a: Berserk, Trog's Hand, Brothers in Arms, Burn Spellbooks, Renounce Religion,
Stop Flying


You were on level 10 of the Dungeon.
You worshipped Trog.
Trog was greatly pleased with you.
You were near starving.

You visited 2 branches of the dungeon, and saw 12 of its levels.

You collected 708 gold pieces.

Inventory:

Hand Weapons
 a - a +2 antimagic broad axe
 Q - the +10 battleaxe of Sosteit (weapon) {drain, rC+ Int+3}
   (Trog gifted it to you on level 8 of the Dungeon)

   A truly terrible weapon, it drains the life of those it strikes.
   It affects your intelligence (+3).
   It protects you from cold.
Armour
 b - a +0 pair of boots of flying (worn)
 m - a +0 pair of gloves (worn)
 J - a +0 plate armour (worn)
 O - a +1 cloak (worn)
 Y - a +2 hat
Jewellery
 l - a +5 ring of strength (left hand)
 p - a ring of positive energy (right hand)
 v - a +2 amulet of reflection (around neck)
 M - a +2 ring of strength
 U - an uncursed ring of resist corrosion {unknown}
 V - an uncursed ring of see invisible {unknown}
Wands
 z - a wand of teleportation (4/9)
Scrolls
 e - a scroll of recharging
 f - 3 scrolls of fog
 u - 4 scrolls of identify
 y - a scroll of noise
 D - 2 scrolls of remove curse
 G - a scroll of amnesia
Potions
 g - 4 potions of lignification
 i - 2 potions of curing
 j - 2 potions of flight
 r - a potion of brilliance
 x - 4 potions of heal wounds
 F - a potion of mutation
 K - 2 potions of might
 N - a potion of ambrosia
 T - a potion of agility
 W - a potion of resistance
 X - a potion of degeneration
Comestibles
 c - 18 bread rations
 d - a slice of pizza
 s - 8 meat rations
 C - 8 beef jerkies
 R - a royal jelly


   Skills:
 - Level 4.6 Fighting
 + Level 17.5 Axes
 + Level 12.6 Armour
 - Level 2.3 Dodging


You had 10 spell levels left.
You didn't know any spells.

Dungeon Overview and Level Annotations

Branches:
Dungeon (11/15)            Temple (0/1) D:5            Lair (1/6) D:10
    Orc: D:9-12

Altars:


Innate Abilities, Weirdness & Mutations

You reflexively headbutt those who attack you in melee.
You have a pair of horns on your head.


Message History

You start eating the royal jelly.
The death yak gores you but does no damage.
Keep eating?
The komodo dragon bites you. The death yak gores you!
* * * LOW HITPOINT WARNING * * *
The death yak gores you but does no damage.
You continue eating.
The death yak barely misses you. You furiously retaliate!
You headbutt the death yak! The komodo dragon bites you.
* * * LOW HITPOINT WARNING * * *
The death yak barely misses you. The death yak gores you.
* * * LOW HITPOINT WARNING * * *
You continue eating.
The death yak gores you but does no damage.
The komodo dragon bites you.
* * * LOW HITPOINT WARNING * * *
The death yak gores you.
* * * LOW HITPOINT WARNING * * *
The death yak gores you!!
You die... ## #. #. ####### #. ##PPPPP## #. #PPPPP..#

#.
#PY..P.P##
#.
#P.@YPP..#
#.
#Pl.Y....##
#.
#PPPP.....#
#.
#PPPP.....#
#.
#PPPP.....#
#.
#PPP....#.#
#.
#PPP....#.#
#.
##P....##.#
#.
##...###.#
#.


You could see 3 death yaks and a komodo dragon.

Vanquished Creatures
  Gastronok (D:10)
  Josephine (D:11)
  The ghost of Camlann the Impaler, a journeyman MfGl of Hepliaklqana (D:11)
  A death yak (D:10)
  A hill giant (D:11)
  A cyclops (D:11)
  An ugly thing (D:11)
  A kobold demonologist (D:11)
  A komodo dragon (D:10)
  A rime drake (D:10)
  6 trolls
  A hornet (D:11)
  Prince Ribbit (D:7)
  A two-headed ogre (D:11)
  2 hippogriffs
  2 wraiths (D:11)
  2 wyverns
  A steam dragon (D:11)
  3 orc warriors
  10 ogres
  4 sky beasts
  3 phantoms
  4 centaurs
  A big kobold (D:11)
  A gnoll sergeant (D:7)
  4 bullfrogs
  A wyvern skeleton (D:10)
  A scorpion (D:6)
  5 wights (D:8)
  2 howler monkeys
  A crimson imp (D:5)
  A centaur zombie (D:7)
  2 bullfrog zombies
  4 jellies
  A quasit (D:8)
  A bullfrog skeleton (D:10)
  6 hounds
  2 orc priests
  7 orc wizards
  Crazy Yiuf (D:7)
  2 centaur skeletons
  Ijyb (D:3)
  4 iguanas
  3 worker ants
  Natasha (twice) (D:3)
  2 hound skeletons
  11 gnolls
  5 adders
  4 shadow imps
  A worker ant simulacrum (D:11)
  An ooze (D:1)
  2 worms (D:3)
  2 adder skeletons
  3 dart slugs
  9 leopard geckos
  36 orcs
  A ball python (D:1)
  6 bats
  10 giant cockroaches
  14 goblins
  12 hobgoblins
  9 jackals
  25 kobolds
  2 quokkas
  5 frilled lizards
  A leopard gecko zombie (D:7)
  A quokka skeleton (D:6)
  A quokka zombie (D:8)
  7 rats
  5 plants (D:10)
278 creatures vanquished.

Vanquished Creatures (collateral kills)
  A manticore (D:11)
  2 wraiths (D:11)
  An orc warrior (D:11)
  6 killer bees (D:11)
  An orc wizard (D:11)
  An iguana (D:11)
  An orc (D:11)
13 creatures vanquished.

Vanquished Creatures (others)
  A plant (D:1)
1 creature vanquished.

Grand Total: 292 creatures vanquished

Notes
Turn   | Place    | Note
-------+----------+-------------------------------------------
     0 | D:1      | Naow the Minotaur Berserker began the quest for the Orb.
     0 | D:1      | Reached XP level 1. HP: 19/19 MP: 0/0
    63 | D:1      | Reached skill level 4 in Axes
    67 | D:1      | Reached XP level 2. HP: 11/27 MP: 1/1
   481 | D:1      | Reached XP level 3. HP: 27/33 MP: 2/2
   557 | D:1      | Reached ** piety under Trog
  1464 | D:2      | Reached XP level 4. HP: 39/41 MP: 3/3
  1684 | D:3      | Noticed Ijyb
  1691 | D:3      | Reached skill level 5 in Axes
  1697 | D:3      | Killed Ijyb
  1998 | D:3      | Noticed Natasha
  2005 | D:3      | Killed Natasha
  2143 | D:3      | Reached XP level 5. HP: 47/47 MP: 4/4
  2188 | D:3      | Reached skill level 6 in Axes
  2331 | D:3      | Reached *** piety under Trog
  2411 | D:3      | Noticed Natasha
  2419 | D:3      | Killed Natasha
  2646 | D:4      | Reached skill level 7 in Axes
  2799 | D:4      | Noticed a phantom
  2817 | D:4      | Killed a phantom
  2817 | D:4      | Reached XP level 6. HP: 38/53 MP: 5/5
  3241 | D:5      | Entered Level 5 of the Dungeon
  3255 | D:5      | Reached skill level 8 in Axes
  3499 | D:5      | Reached skill level 9 in Axes
  3499 | D:5      | Reached XP level 7. HP: 55/60 MP: 6/6
  3634 | D:5      | Found a staircase to the Ecumenical Temple.
  3805 | D:6      | Reached skill level 10 in Axes
  4296 | D:6      | Reached **** piety under Trog
  4307 | D:6      | Reached skill level 11 in Axes
  4307 | D:6      | Reached XP level 8. HP: 51/67 MP: 7/7
  4720 | D:6      | Got a dazzling great sword
  4723 | D:6      | Identified the +6 great sword of Suicidal Tendencies {drain, +Rage rPois MR+} (You found it on level 6 of the Dungeon)
  5006 | D:6      | Reached skill level 12 in Axes
  5328 | D:7      | Reached ***** piety under Trog
  5503 | D:7      | Reached skill level 13 in Axes
  5678 | D:7      | Noticed Prince Ribbit
  5696 | D:7      | Killed Prince Ribbit
  5696 | D:7      | Reached XP level 9. HP: 66/72 MP: 8/8
  6536 | D:7      | Found a runed door.
  6540 | D:7      | Noticed Crazy Yiuf
  6545 | D:7      | Killed Crazy Yiuf
  6725 | D:8      | Reached skill level 14 in Axes
  6758 | D:8      | Received a gift from Trog
  6767 | D:8      | Got a jewelled battleaxe {god gift}
  6768 | D:8      | Identified the +10 battleaxe of Sosteit {drain, rC+ Int+3} (Trog gifted it to you on level 8 of the Dungeon)
  6821 | D:8      | Reached skill level 5 in Armour
  7276 | D:9      | Noticed a troll
  7281 | D:9      | Killed a troll
  7547 | D:9      | Noticed a troll
  7552 | D:9      | Killed a troll
  7552 | D:9      | Reached XP level 10. HP: 67/80 MP: 9/9
  7729 | D:9      | Reached skill level 15 in Axes
  8194 | D:10     | Entered Level 10 of the Dungeon
  8296 | D:10     | Noticed Gastronok
  8306 | D:10     | Killed Gastronok
  8469 | D:10     | Found a staircase to the Lair.
  8489 | D:10     | Reached skill level 16 in Axes
  8572 | D:10     | Reached skill level 10 in Armour
  9025 | D:11     | Noticed a cyclops
  9033 | D:11     | Killed a cyclops
  9157 | D:11     | Received a gift from Trog
  9194 | D:11     | Reached XP level 11. HP: 49/85 MP: 10/10
  9218 | D:11     | Identified a scroll of acquirement
  9379 | D:11     | Noticed a white ugly thing
  9385 | D:11     | Killed a white ugly thing
  9502 | D:11     | Noticed Camlann's ghost (journeyman MfGl)
  9516 | D:11     | Killed Camlann's ghost
  9980 | D:11     | Noticed a hill giant
  9988 | D:11     | Killed a hill giant
 10006 | D:11     | Noticed Josephine
 10023 | D:11     | Killed Josephine
 10023 | D:11     | Reached skill level 17 in Axes
 10775 | Lair:1   | Entered Level 1 of the Lair of Beasts
 10775 | Lair:1   | Noticed a death yak
 10775 | Lair:1   | Noticed a death yak
 10775 | Lair:1   | Noticed a death yak
 10777 | Lair:1   | Noticed a death yak
 10777 | Lair:1   | Noticed a death yak
 10778 | Lair:1   | Noticed a death yak
 10786 | D:10     | Killed a death yak
 10825 | D:10     | Slain by a death yak

Skill      XL: |  1  2  3  4  5  6  7  8  9 10 11 |
---------------+----------------------------------+-----
Axes           | 4 5 7 9 11 13 14 16 17 | 17.5
Fighting       | 4 |  4.6
Armour         | 7 10 12 | 12.6
Dodging        | |  2.3

Action                   |  1- 3 |  4- 6 |  7- 9 | 10-12 || total
-------------------------+-------+-------+-------+-------++-------
Melee: Hand axe          |   102 |   136 |   269 |       ||   507
       Headbutt          |    15 |    28 |    70 |    34 ||   147
       Battleaxe         |       |       |    41 |   167 ||   208
Invok: Berserk           |       |     1 |     3 |     2 ||     6
       Brothers in Arms  |       |       |       |     4 ||     4
       Trog's Hand       |       |       |       |     2 ||     2
  Use: Scroll            |       |     5 |     1 |    17 ||    23
       Potion            |       |       |     1 |       ||     1
  Eat: Chunk             |     2 |     7 |    16 |     8 ||    33
       Fruit             |       |       |       |     2 ||     2
       Pizza             |       |       |       |     2 ||     2
Armor: Animal skin       |    18 |     3 |       |       ||    21
       Chain mail        |       |    69 |    53 |       ||   122
       Plate armour      |       |       |    53 |    90 ||   143
Dodge: Dodged            |    58 |    58 |    89 |    51 ||   256
Block: Other             |       |       |     9 |    13 ||    22
       Reflection        |       |       |     1 |       ||     1
